 Dungeon Crawl Stone Soup version 0.23.2-33-g5129a83184 (webtiles) character file.

Game seed: 217867376613435804

7543 dragonscale333 the Impaler (level 11, 0/84 HPs)
             Began as a Merfolk Gladiator on July 2, 2019.
             Was a Follower of Uskayaw.
             Succumbed to a soldier ant's poison
             ... on level 10 of the Dungeon.
             The game lasted 00:26:23 (10806 turns).

dragonscale333 the Impaler (Merfolk Gladiator)     Turns: 10806, Time: 00:26:24

Health: 0/84       AC:  9    Str: 16 (17) XL:     11   Next: 16%
Magic:  17/17      EV: 17    Int:  7      God:    Uskayaw [*.....]
Gold:   394        SH:  0    Dex: 17      Spells: 10/10 levels left

rFire    + + .     SeeInvis .   L - +1 glaive
rCold    + + .     Gourm    .   (shield currently unavailable)
rNeg     . . .     Faith    .   H - +1 leather armour {rF+}
rPois    +         Spirit   .   d - +1 hat
rElec    +         Reflect  .   N - +1 cloak {MR+}
rCorr    +         Harm     .   p - +0 pair of gloves
MR       +....                  w - +0 pair of boots
Stlth    +.........             (no amulet)
HPRegen  0.24/turn              D - ring of protection from cold
MPRegen  0.15/turn              (no ring)

@: lethally poisoned (0 -> -3), resistant, berserk cooldown, hasted and slowed
A: change form in water, swift swim, stealthy swim
a: Stomp, Renounce Religion


You were on level 10 of the Dungeon.
You worshipped Uskayaw.
Uskayaw was aware of your devotion.
You were not hungry.

You visited 2 branches of the dungeon, and saw 11 of its levels.

You collected 394 gold pieces.

Inventory:

Hand Weapons
 L - a +1 glaive (weapon)
Missiles
 h - 15 tomahawks (quivered)
 j - 320 stones
Armour
 c - a +0 helmet
 d - a +1 hat (worn)
 p - a +0 pair of gloves (worn)
 v - a +0 buckler
 w - a +0 pair of boots (worn)
 H - a +1 leather armour of fire resistance (worn)
 J - a +0 leather armour of magic resistance
 N - a +1 cloak of magic resistance (worn)
Jewellery
 a - an uncursed ring of protection from fire
 D - a ring of protection from cold (left hand)
Wands
 u - a wand of scattershot (4)
 A - a wand of disintegration (6)
 E - a wand of iceblast (8)
 I - a wand of random effects (14)
 M - a wand of flame (5)
Scrolls
 g - 4 scrolls of teleportation
 l - 5 scrolls of identify
 x - 3 scrolls of enchant weapon
 y - a scroll of amnesia
 z - 2 scrolls of remove curse
Potions
 o - 2 potions of might
 G - a potion of flight
Comestibles
 f - 18 rations


   Skills:
 - Level 7.1 Fighting
 + Level 16.5 Polearms
 - Level 2.0 Throwing
 - Level 2.2 Armour
 - Level 8.2 Dodging
 - Level 8.3 Invocations


You had 10 spell levels left.
You didn't know any spells.
Your spell library contained the following spells:

 Spells                   Type           Power        Failure   Level  Hunger
 Animate Skeleton         Necr           N/A          50%         1    ##.....
 Confusing Touch          Hex            #.....       50%         1    ##.....
 Pain                     Necr           #...         50%         1    ##.....
 Sandblast                Erth           #.....       50%         1    ##.....
 Summon Small Mammal      Summ           #...         50%         1    ##.....
 Call Imp                 Summ           #.......     65%         2    ###....
 Passwall                 Tmut/Erth      #.......     65%         2    ###....
 Call Canine Familiar     Summ           #.......     86%         3    ####...
 Confuse                  Hex            #.......     86%         3    ####...
 Gell's Gravitas          Tloc           #.........   86%         3    ####...
 Regeneration             Chrm/Necr      #.........   86%         3    ####...
 Stone Arrow              Conj/Erth      #.....       86%         3    ####...
 Summon Guardian Golem    Hex/Summ       #.......     86%         3    ####...
 Vampiric Draining        Necr           #.........   86%         3    ####...
 Animate Dead             Necr           N/A          99%         4    #####..
 Petrify                  Tmut/Erth      #.......     99%         4    #####..
 Summon Ice Beast         Ice/Summ       #.......     99%         4    #####..
 Summon Lightning Spire   Summ/Air       #.......     99%         4    #####..
 Lee's Rapid Deconstruct  Erth           #.........   100%        5    ######.
 Metabolic Englaciation   Hex/Ice        #.........   100%        5    ######.
 Yara's Violent Unravell  Hex/Tmut       #.........   100%        5    ######.


Dungeon Overview and Level Annotations

Branches:
Dungeon (10/15)            Temple (1/1) D:4
   Lair: D:8-11         Orc: D:9-12

Altars:
Ashenzari
Cheibriados
Dithmenos
Elyvilon
Fedhas
Gozag
Hepliaklqana
Kikubaaqudgha
Makhleb
Nemelex Xobeh
Okawaru
Qazlal
Ru
Trog
Uskayaw
Vehumet
Wu Jian
Xom
Yredelemnul
Zin
The Shining One

Shops:
D:4 %

Annotations:
D:4 1 runed translucent door
D:7 2 transporters, Wormgod's ghost, novice HOFi


Message History

You feel a strong urge to attack something.
You feel sick.
You feel your anger nearly subside.
You are no longer berserk.
You are exhausted.
You feel yourself slow down.
* * * LOW HITPOINT WARNING * * *
You feel sick.
There is an escape hatch in the floor here.
* * * LOW HITPOINT WARNING * * *
You feel sick.
You slide downwards.
The hatch slams shut behind you.
* * * LOW HITPOINT WARNING * * *
You feel sick.
Okay, then.
You feel yourself speed up.
* * * LOW HITPOINT WARNING * * *
You feel sick.
Found a runed mace.
A worker ant comes into view.
You die...

#. #.
#. #.
#. #.##
#..#
##.#
#@#
#....a#
#.###.#
.). ...
### ###


You could see a worker ant (sleeping).

Vanquished Creatures
  Gastronok (D:9)
  A queen ant (D:9)
  A two-headed ogre (D:9)
  Maurice (D:8)
  A hornet (D:8)
  Prince Ribbit (D:6)
  A hippogriff (D:8)
  Sigmund (D:6)
  Eustachio (D:6)
  Grum (D:8)
  2 soldier ants (D:8)
  Duvessa (D:6)
  2 ice beasts
  An orc warrior (D:8)
  A sky beast (D:8)
  2 ogres (D:8)
  2 phantoms
  2 wolves (D:7)
  3 centaurs
  2 big kobolds (D:8)
  3 bullfrogs
  Dowan (D:6)
  A scorpion (D:4)
  6 wights
  6 howler monkeys (D:8)
  A bullfrog zombie (D:6)
  A jelly (D:9)
  A hound (D:4)
  2 orc priests (D:9)
  A centaur skeleton (D:8)
  Crazy Yiuf (D:7)
  An iron imp (D:8)
  2 bullfrog skeletons
  An iguana (D:8)
  5 orc wizards
  Ijyb (D:5)
  11 worker ants
  A hound zombie (D:7)
  A hound skeleton (D:8)
  7 adders
  3 gnolls (D:4)
  A shadow imp (D:9)
  An ooze (D:2)
  An adder zombie (D:5)
  An adder skeleton (D:8)
  2 worms
  5 leopard geckos
  19 orcs
  2 bats (D:2)
  3 giant cockroaches
  7 goblins
  7 hobgoblins
  11 jackals
  3 quokkas
  A ball python (D:2)
  A ball python skeleton (D:6)
  7 frilled lizards
  8 kobolds
  A leopard gecko skeleton (D:5)
  10 rats
176 creatures vanquished.

Vanquished Creatures (others)
  A quokka (D:3)
1 creature vanquished.

Grand Total: 177 creatures vanquished

Notes
Turn   | Place    | Note
-------+----------+-------------------------------------------
     0 | D:1      | dragonscale333 the Merfolk Gladiator began the quest for
                  | the Orb.
     0 | D:1      | Reached XP level 1. HP: 16/16 MP: 1/1
   135 | D:1      | Reached skill level 5 in Polearms
   142 | D:1      | Reached XP level 2. HP: 22/22 MP: 2/2
   486 | D:1      | Reached skill level 6 in Polearms
   486 | D:1      | Reached XP level 3. HP: 27/27 MP: 3/3
  1199 | D:2      | Reached skill level 7 in Polearms
  1199 | D:2      | Reached XP level 4. HP: 26/33 MP: 4/4
  2003 | D:3      | Found a sparkling altar of Nemelex Xobeh.
  2347 | D:3      | Reached skill level 8 in Polearms
  2365 | D:3      | Found a white marble altar of Elyvilon.
  2667 | D:4      | Reached XP level 5. HP: 41/41 MP: 5/5
  3029 | D:4      | Reached XP level 6. HP: 21/48 MP: 6/6
  3247 | D:4      | Found Daeguamo's Food Shoppe.
  3268 | D:4      | Found a white marble altar of Elyvilon.
  3269 | D:4      | Found a runed translucent door.
  3269 | D:4      | Noticed an angel
  3320 | D:4      | Reached skill level 5 in Dodging
  3355 | D:4      | Noticed a phantom
  3373 | D:4      | Killed a phantom
  3519 | D:4      | Found a staircase to the Ecumenical Temple.
  3596 | Temple   | Entered the Ecumenical Temple
  3667 | Temple   | Became a worshipper of Uskayaw the Reveler
  4368 | D:5      | Entered Level 5 of the Dungeon
  4400 | D:5      | Noticed an ice beast
  4413 | D:5      | Reached * piety under Uskayaw
  4414 | D:5      | Reached ** piety under Uskayaw
  4418 | D:5      | Killed an ice beast
  4418 | D:5      | Reached skill level 9 in Polearms
  4418 | D:5      | Reached XP level 7. HP: 54/54 MP: 7/7
  4470 | D:5      | Noticed Ijyb
  4497 | D:5      | Killed Ijyb
  4762 | D:5      | Reached skill level 10 in Polearms
  5027 | D:6      | Noticed Eustachio
  5043 | D:6      | Reached *** piety under Uskayaw
  5044 | D:6      | Killed Eustachio
  5076 | D:6      | Reached skill level 11 in Polearms
  5076 | D:6      | Reached XP level 8. HP: 60/60 MP: 8/8
  5201 | D:6      | Noticed Prince Ribbit
  5218 | D:6      | Killed Prince Ribbit
  5276 | D:6      | Noticed Dowan
  5278 | D:6      | Noticed Duvessa
  5297 | D:6      | Killed Duvessa
  5297 | D:6      | Reached skill level 12 in Polearms
  5305 | D:6      | Killed Dowan
  5513 | D:6      | Noticed Sigmund
  5522 | D:6      | Killed Sigmund
  5522 | D:6      | Reached skill level 13 in Polearms
  5886 | D:6      | Found a bloodstained altar of Trog.
  6153 | D:7      | Found a transporter.
  6154 | D:7      | Noticed Wormgod's ghost (novice HOFi)
  6177 | D:7      | Identified the cursed +0 dire flail of Raseq {drain, rElec}
  6177 | D:7      | Noticed a two-headed ogre
  6493 | D:7      | Found a shadowy altar of Dithmenos.
  6503 | D:7      | Reached skill level 14 in Polearms
  6524 | D:7      | Found a transporter.
  6592 | D:7      | Reached XP level 9. HP: 23/66 MP: 9/9
  6594 | D:7      | Reached skill level 5 in Fighting
  6918 | D:7      | Found a runed translucent door.
  6919 | D:7      | Noticed Crazy Yiuf
  6926 | D:7      | Killed Crazy Yiuf
  8098 | D:8      | Reached **** piety under Uskayaw
  8124 | D:8      | Noticed Grum
  8177 | D:7      | Reached skill level 1 in Armour
  8359 | D:8      | Killed Grum
  8566 | D:8      | Found a snail-covered altar of Cheibriados.
  8596 | D:8      | Noticed Maurice
  8629 | D:8      | Killed Maurice
  8753 | D:8      | Noticed a hornet
  8758 | D:8      | Killed a hornet
  8766 | D:8      | Reached XP level 10. HP: 40/79 MP: 10/10
  9078 | D:8      | Reached skill level 15 in Polearms
  9512 | D:8      | Reached ***** piety under Uskayaw
  9612 | D:8      | Reached skill level 16 in Polearms
  9722 | D:8      | Reached skill level 1 in Invocations
 10239 | D:9      | Found a burning altar of Makhleb.
 10239 | D:9      | Found a shattered altar of Ashenzari.
 10331 | D:9      | Noticed a two-headed ogre
 10339 | D:9      | Killed a two-headed ogre
 10610 | D:9      | Found an opulent altar of Gozag.
 10610 | D:9      | Found a sacrificial altar of Ru.
 10610 | D:9      | Found an ancient bone altar of Kikubaaqudgha.
 10625 | D:9      | Noticed Gastronok
 10636 | D:9      | Killed Gastronok
 10636 | D:9      | Reached XP level 11. HP: 84/84 MP: 13/17
 10660 | D:9      | Found a shimmering altar of Xom.
 10667 | D:9      | Found an iron altar of Okawaru.
 10739 | D:9      | Noticed a queen ant
 10770 | D:9      | Killed a queen ant
 10800 | D:9      | HP: 6/126 [poisoned by a soldier ant]
 10802 | D:9      | HP: 2/84 [poisoned by a soldier ant]
 10803 | D:10     | Entered Level 10 of the Dungeon
 10806 | D:10     | Succumbed to a soldier ant's poison

Skill      XL: |  1  2  3  4  5  6  7  8  9 10 |
---------------+-------------------------------+-----
Polearms       | 5 6 7 8 9 11 14 16 | 16.5
Fighting       | 3 4 7 |  7.1
Dodging        | 6 8 |  8.2
Armour         | 2 |  2.2
Invocations    | 8 |  8.3
Throwing       | |  2.0

Action                   |  1- 3 |  4- 6 |  7- 9 | 10-12 || total
-------------------------+-------+-------+-------+-------++-------
Melee: Trident           |   115 |   140 |   321 |       ||   576
       Glaive            |       |       |    39 |   123 ||   162
Throw: Throwing net      |       |     2 |     3 |       ||     5
       Stone             |       |       |     1 |       ||     1
       Tomahawk          |       |       |    30 |       ||    30
Invok: Stomp             |       |       |     1 |     1 ||     2
       Line Pass         |       |       |       |     1 ||     1
Evoke: Wand              |       |       |     3 |     2 ||     5
  Use: Scroll            |       |     4 |     5 |     5 ||    14
       Potion            |       |       |       |    16 ||    16
 Stab: Sleeping          |     2 |     2 |     3 |       ||     7
       Distracted        |       |     1 |       |       ||     1
       Held in net/web   |       |     1 |     1 |       ||     2
       Paralysed         |       |       |     8 |     4 ||    12
  Eat: Chunk             |     1 |     8 |    13 |     3 ||    25
       Ration            |       |     1 |       |     1 ||     2
Armor: Leather armour    |    19 |    24 |    54 |    11 ||   108
Dodge: Dodged            |    59 |    51 |   218 |    50 ||   378
